 Dungeon Crawl Stone Soup version 0.29-a0-824-gd827844252 (webtiles) character file.

Game seed: 18340652097669871075

508 Querens the Shield-Bearer (level 7, -5/61 HPs)
             Began as a Meteoran Fighter on July 9, 2022.
             Splashed by a jelly's acid (9 damage)
             ... on level 5 of the Dungeon.
             The game lasted 00:09:47 (2450 turns).

Querens the Shield-Bearer (Meteoran Fighter)        Turns: 2450, Time: 00:09:48

Health: -5/61      AC: -5    Str: 20    XL:     7   Next: 70%
Magic:  8/8        EV: 11    Int: 10    God:
Gold:   223        SH:  5    Dex: 13    Spells: 6/6 levels left

rFire   . . .      SeeInvis .   a - +0 war axe
rCold   + . .      Faith    .   c - +0 buckler
rNeg    . . .      Spirit   .   e - +0 troll leather armour
rPois   .          Reflect  .   (no helmet)
rElec   .          Harm     .   (no cloak)
rCorr   .          Rampage  .   (no gloves)
Will    .....                   B - +0 pair of boots
Stlth   +.........              p - amulet of regeneration
HPRegen 1.80/turn               m - ring of protection from cold
MPRegen 0.11/turn               (no ring)

@: corroded, glowing
A: sense surroundings 1, otherworldly, glowing, explore regen
a: no special abilities


You were on level 5 of the Dungeon.
You visited 2 branches of the dungeon, and saw 6 of its levels.
You also visited: Sewer.

You collected 223 gold pieces.

Inventory:

Hand Weapons
 a - a +0 war axe (weapon)
 b - a +1 executioner's axe of freezing
 r - the +2 short sword "Huleotuo" {flame, Int+5}
   (You found it on level 2 of the Dungeon)

   It burns those it strikes, dealing additional fire damage.
   Int:       It affects your intelligence (+5).
 s - a +0 hand axe of venom
Armour
 c - a +0 buckler (worn)
 e - a +0 troll leather armour (worn)
 u - a +0 plate armour
 B - a +0 pair of boots (worn)
Jewellery
 m - a ring of protection from cold (left hand)
 p - an amulet of regeneration (around neck)
Wands
 x - a wand of flame (18)
Scrolls
 f - 2 scrolls of blinking
 g - a scroll of fear {unknown}
 i - 10 scrolls of identify {unknown}
 j - a scroll of fog {unknown}
 k - 2 scrolls of teleportation {unknown}
 o - 3 scrolls of amnesia {unknown}
 q - a scroll of poison {unknown}
 t - a scroll of noise {unknown}
 w - a scroll of magic mapping {unknown}
 y - a scroll of enchant armour {unknown}
 z - 2 scrolls of vulnerability {unknown}
Potions
 d - a potion of might
 h - a potion of mutation {unknown}
 l - 2 potions of degeneration {unknown}
 n - 3 potions of lignification {unknown}
 v - a potion of brilliance {unknown}
 A - 3 potions of curing {unknown}
 C - a potion of heal wounds {unknown}


   Skills:
 + Level 5.1 Fighting
 + Level 4.8 Axes
 + Level 5.6 Armour
 + Level 0.8 Dodging
 + Level 5.7 Shields


You had 6 spell levels left.
You didn't know any spells.
Your spell library contained the following spells:

 Spells                   Type           Power      Damage    Failure   Level
 Magic Dart               Conj           0%         1d3       50%         1
 Call Imp                 Summ           0%         N/A       63%         2
 Confusing Touch          Hex            0%         N/A       86%         3
 Mephitic Cloud           Conj/Pois/Air  0%         N/A       86%         3
 Yara's Violent Unravell  Hex/Tmut       0%         3d3       100%        5
 Conjure Ball Lightning   Conj/Air       0%         3x3d6     100%        6
 Enfeeble                 Hex            0%         N/A       100%        7
 Discord                  Hex            0%         N/A       100%        8
 Disjunction              Tloc           0%         N/A       100%        8


Dungeon Overview and Level Annotations

Branches:
Dungeon (5/15) Zot: 809    Temple (1/1) D:4 Zot: 535   Sewer (visited)

Altars:
Ashenzari
Dithmenos
Hepliaklqana
Kikubaaqudgha
Makhleb
Nemelex Xobeh
Qazlal
Ru
Trog
Uskayaw
Vehumet
Wu Jian
Xom
Yredelemnul

Shops:
D:1 =[


Innate Abilities, Weirdness & Mutations

You passively map a small area around you.
You are easily found by Zot.
You glow in the dark.
You regain HP and MP as you explore.


Message History

A jelly comes into view.
The jelly quivers.
The jelly hits you but does no damage.
You hit the jelly.
Your hands burn!
The jelly is lightly wounded.
The jelly hits you but does no damage.
You completely miss the jelly.
The jelly is lightly wounded.
The jelly hits you. The acid corrodes you!
You are splashed with acid!
You slash the jelly! The acid corrodes you!
Your hands burn!
The jelly is severely wounded.
The jelly closely misses you. You block the jelly's attack.
You hit the jelly but do no damage.
Your hands burn!
The jelly is severely wounded.
The jelly hits you.
You are splashed with acid.
You hit the jelly but do no damage.
Your hands burn!
The jelly is severely wounded.
The jelly hits you.
You are splashed with acid!
You are too injured to fight recklessly!
You are too injured to fight recklessly!
The jelly attacks as you move away! The jelly barely misses you.
The jelly attacks as you move away! The jelly hits you. The acid corrodes you!
You are splashed with acid.
The jelly attacks as you move away! The jelly hits you.
You are splashed with acid!
* * * LOW HITPOINT WARNING * * *
The jelly attacks as you move away! The jelly hits you.
* * * LOW HITPOINT WARNING * * *
The acid corrodes you!
You are splashed with acid!
* * * LOW HITPOINT WARNING * * *
Okay, then.
Aiming: Throw Flame
Press: ? - help, Shift-Dir - straight line, f - jelly
Aim: a jelly (severely wounded, 100% to hit)
The puff of flame hits the jelly.
The jelly is severely wounded.
The jelly hits you.
* * * LOW HITPOINT WARNING * * *
The acid corrodes you!
You are splashed with acid!
You die...

,......#.##
##..##
#######..##
#...#
##..##
##..##
##..#
##...#
##.###...##
##.##...###
#........##
##........#
*
##..@....##
* ,
#..J.....#
*
#.##....##
* ,*
#.##.....#
, , ,
*#..#....##
* ,
##.##...# ,
. #...# ,
,, ,,
#....# ,
.....##


You could see a jelly.

Vanquished Creatures
  2 bullfrogs (Sewer)
  A howler monkey (D:4)
  A hound (D:3)
  2 iguanas
  Jessica (D:3)
  5 gnolls (D:2)
  9 adders
  2 worms
  5 dart slugs
  4 orcs
  2 bats
  11 endoplasms
  5 giant cockroaches
  3 goblins
  5 hobgoblins
  12 quokkas
  4 ball pythons
  8 frilled lizards (Sewer)
  6 kobolds
  4 rats
92 creatures vanquished.

Notes
Turn   | Place    | Note
-------+----------+-------------------------------------------
     0 | D:1      | Querens the Meteoran Fighter began the quest for the Orb.
     0 | D:1      | Reached XP level 1. HP: 19/19 MP: 2/2
   188 | D:1      | Found Gonogouq's Jewellery Shoppe.
   227 | D:1      | Found Peatoac's Armour Boutique.
   234 | D:1      | Reached XP level 2. HP: 26/26 MP: 3/3
   357 | D:2      | Reached XP level 3. HP: 31/31 MP: 4/4
   432 | D:2      | Reached XP level 4. HP: 27/40 MP: 5/5
   465 | D:2      | Found a faded altar of an unknown god.
   639 | D:2      | Identified the +2 short sword "Huleotuo" {flame, Int+5}
   657 | D:2      | Reached XP level 5. HP: 37/46 MP: 6/6
  1070 | D:3      | Reached XP level 6. HP: 51/53 MP: 7/7
  1089 | D:3      | Noticed Jessica
  1100 | D:3      | Killed Jessica
  1198 | D:3      | Found a glowing drain.
  1206 | Sewer    | Entered a sewer
  1315 | Sewer    | Reached skill level 5 in Armour
  1325 | Sewer    | Reached skill level 5 in Shields
  1467 | Sewer    | Reached XP level 7. HP: 14/60 MP: 8/8
  1728 | D:4      | Reached skill level 5 in Fighting
  1811 | D:4      | Found a staircase to the Ecumenical Temple.
  1819 | Temple   | Entered the Ecumenical Temple
  2026 | D:4      | Found a radiant altar of Vehumet.
  2164 | D:5      | Entered Level 5 of the Dungeon
  2449 | D:5      | HP: 3/61 [acid (8)]
  2450 | D:5      | Splashed by a jelly's acid

Illustrated notes

Levels and vault maps discovered:
D:1:      giann_wishing_wells, layout_rooms, serial_shops, shop, shop
D:2:      minmay_inner_zag, layout_basic, basic_ecumenical_altar
D:3:      layout_basic, gup_sewer_entry_bowl, uniq_jessica
D:4:      layout_basic, mainiacjoe_overflow_small_starburst, temple_statues
D:5:      layout_cave_pods, lemuel_doored_altar, chequers_serial_rivers_micro_a
Temple:   compressed_dpeg_triangle_lava_temple

Skill      XL: |  1  2  3  4  5  6  7 |
---------------+----------------------+-----
Shields        | 4 5 |  5.7
Armour         | 4 5 |  5.6
Axes           | 3 4 |  4.8
Fighting       | 4 5 |  5.1
Dodging        | |  0.8

Action                   |  1- 3 |  4- 6 |  7- 9 || total
-------------------------+-------+-------+-------++-------
Melee: War axe           |    63 |   213 |    64 ||   340
Evoke: Wand              |       |       |     1 ||     1
Armor: Troll leather arm |    18 |    85 |    22 ||   125
Dodge: Dodged            |    34 |   147 |    22 ||   203
Block: Buckler           |    16 |    52 |    14 ||    82

Table legend: (Time is in decaauts)
 A = Elapsed time spent in this place.
 B = Non-inter-level travel time spent in this place.
 C = Inter-level travel time spent in this place.
 D = Time resting spent in this place.
 E = Time spent auto-exploring this place.
 F = Levels seen in this place.
 G = Mean time per level.
                   A        B        C        D        E       F      G
               +--------+--------+--------+--------+--------+-----+--------+
         Total |   2626 |   2477 |    149 |      0 |      0 |   7 |  375.1 |
       Dungeon |   2189 |   2051 |    138 |      0 |      0 |   5 |  437.8 |
        Temple |     64 |     53 |     11 |      0 |      0 |   1 |   64.0 |
         Sewer |    372 |    372 |      0 |      0 |      0 |   1 |  372.0 |
               +--------+--------+--------+--------+--------+-----+--------+

Top non-repeatable levels by time:
     D:3: 634 daAuts
     D:4: 484 daAuts
     D:2: 462 daAuts
   Sewer: 372 daAuts
     D:1: 311 daAuts
     D:5: 296 daAuts
  Temple: 64 daAuts
